 Dungeon Crawl Stone Soup version 0.28-a0-313-gbc0475efdd (webtiles) character file.

Game seed: 3076191846554715431

20211 frimble the Frost Mage (level 12, -23/91 HPs)
             Began as a Gnoll Ice Elementalist on Sept 1, 2021.
             Was a Priest of Cheibriados.
             Killed from afar by Jorgrun (46 damage)
             ... with an iron shot
             ... on level 12 of the Dungeon.
             The game lasted 00:18:48 (15087 turns).

frimble the Frost Mage (Gnoll Ice Elementalist)    Turns: 15087, Time: 00:18:48

Health: -23/91     AC: 25    Str: 16    XL:     12   Next: 77%
Magic:  11/25      EV: 11    Int: 30    God:    Cheibriados [***...]
Gold:   569        SH:  0    Dex: 26    Spells: 22/29 levels left

rFire   + . .      SeeInvis .   i - +1 rapier (flame)
rCold   + . .      Faith    .   q - +2 buckler
rNeg    . . .      Spirit   .   N - +1 steam dragon scales
rPois   .          Reflect  .   (no helmet)
rElec   .          Harm     .   j - scarf {rC+ rF+}
rCorr   +          Rampage  .   (no gloves)
Will    .....                   G - +2 pair of boots
Stlth   +++++.....              k - amulet of the acrobat
HPRegen 0.25/turn               c - +4 ring of protection
MPRegen 0.19/turn               s - ring "Lewib" {Drain rCorr EV+4 Int+4 Dex+4}

@: ice-armoured, petrifying (expiring), grasped by roots, freezing walls,
flying, constricted, very slow
A: fangs 1, strong nose, distributed training
a: Renounce Religion, Bend Time, Temporal Distortion


You were on level 12 of the Dungeon.
You worshipped Cheibriados.
Cheibriados was most pleased with you.
You visited 2 branches of the dungeon, and saw 13 of its levels.
You also visited: Ossuary.

You collected 822 gold pieces.
You spent 253 gold pieces at shops.

Inventory:

Hand Weapons
 i - a +1 rapier of flaming (weapon)
 R - a +1 rapier of holy wrath
Missiles
 b - 4 javelins
 J - 2 throwing nets
 O - 4 silver javelins
Armour
 j - a scarf of resistance (worn)
 q - a +2 buckler (worn)
 G - a +2 pair of boots (worn)
 N - +1 steam dragon scales (worn)
Jewellery
 a - a ring of see invisible
 c - a +4 ring of protection (left hand)
 k - an amulet of the acrobat (around neck)
 s - the ring "Lewib" (right hand) {Drain rCorr EV+4 Int+4 Dex+4}
   (You found it on level 5 of the Dungeon)

   [ring of evasion]

   EV:        It affects your evasion (+4).
   Int:       It affects your intelligence (+4).
   Dex:       It affects your dexterity (+4).
   rCorr:     It protects you from acid and corrosion.
   Drain:     It drains your maximum health when unequipped.
 t - a ring of willpower
 v - a ring of ice
 w - a ring of positive energy
 D - a ring of wizardry
Wands
 x - a wand of flame (39)
 E - a wand of mindburst (12)
 M - a wand of iceblast (20)
Scrolls
 d - 4 scrolls of holy word
 e - 7 scrolls of amnesia
 g - 13 scrolls of teleportation
 h - 4 scrolls of magic mapping
 y - a scroll of blinking
 B - 6 scrolls of identify
 C - a scroll of fog
 I - 2 scrolls of enchant weapon
 K - a scroll of enchant armour
 P - a scroll of brand weapon
 Q - a scroll of vulnerability {unknown}
 S - a scroll of torment {unknown}
Potions
 f - 2 potions of ambrosia {unknown}
 l - a potion of magic
 m - 5 potions of curing
 n - a potion of heal wounds
 o - 4 potions of attraction
 p - 2 potions of brilliance
 r - a potion of invisibility
 u - a potion of cancellation
 z - 3 potions of flight
 A - 3 potions of mutation
 F - a potion of haste {unknown}
 H - a potion of berserk rage
 L - 2 potions of might


   Skills:
 + Level 7.6 Fighting
 + Level 7.6 Short Blades
 + Level 7.6 Long Blades
 + Level 7.6 Axes
 + Level 7.6 Maces & Flails
 + Level 7.6 Polearms
 + Level 7.6 Staves
 + Level 7.6 Slings
 + Level 7.6 Bows
 + Level 7.6 Crossbows
 + Level 7.6 Throwing
 + Level 7.6 Armour
 + Level 9.0 Dodging
 + Level 8.7 Stealth
 + Level 7.6 Shields
 + Level 7.6 Unarmed Combat
 + Level 9.2 Spellcasting
 + Level 6.3 Conjurations
 + Level 6.3 Hexes
 + Level 6.3 Summonings
 + Level 6.3 Necromancy
 + Level 6.3 Translocations
 + Level 6.3 Transmutations
 + Level 6.3 Fire Magic
 + Level 9.6 Ice Magic
 + Level 6.3 Air Magic
 + Level 6.3 Earth Magic
 + Level 6.3 Poison Magic
 + Level 8.3 Invocations
 + Level 7.6 Evocations


You had 22 spell levels left.
You knew the following spells:

 Your Spells              Type           Power      Damage    Failure   Level
a - Freeze                Ice            100%       1d11      1%          1
b - Frozen Ramparts       Ice            100%       1d12      1%          3
c - Ozocubu's Armour      Ice            64%        N/A       1%          3

Your spell library contained the following spells:

 Spells                   Type           Power      Damage    Failure   Level
 Beastly Appendage        Tmut           100%       N/A       1%          1
 Slow                     Hex            51%        N/A       1%          2
 Static Discharge         Conj/Air       51%        N/A       1%          2
 Wereblood                Tmut           51%        N/A       1%          2
 Confusing Touch          Hex            51%        N/A       1%          3
 Ignite Poison            Fire/Tmut/Pois 51%        N/A       1%          3
 Mephitic Cloud           Conj/Pois/Air  51%        N/A       1%          3
 Spider Form              Tmut/Pois      25%        N/A       1%          3
 Hailstorm                Conj/Ice       57%        3d12      1%          4
 Dispel Undead            Necr           51%        3d19      2%          4
 Petrify                  Tmut/Erth      51%        N/A       2%          4
 Sticky Flame             Conj/Fire      51%        2d7       2%          4
 Metabolic Englaciation   Hex/Ice        28%        N/A       4%          5
 Bolt of Magma            Conj/Fire/Erth 25%        4d12      8%          5
 Yara's Violent Unravell  Hex/Tmut       25%        3d11      8%          5
 Statue Form              Tmut/Erth      34%        N/A       41%         6


Dungeon Overview and Level Annotations

Branches:
Dungeon (12/15)            Temple (1/1) D:5            Lair (0/6) D:9
    Orc (0/2) D:9         Ossuary (visited)

Altars:
Ashenzari
Cheibriados
Dithmenos
Elyvilon
Fedhas
Gozag
Hepliaklqana
Kikubaaqudgha
Makhleb
Nemelex Xobeh
Okawaru
Qazlal
Ru
Sif Muna
Trog
Uskayaw
Vehumet
Wu Jian
Xom
Yredelemnul
Zin
The Shining One
Ignis

Shops:
D:5 **   D:9 [

Annotations:
D:2 1 runed translucent door, Crazy Yiuf
D:9 2 transporters, Demosthentine's ghost, journeyman MfGl
D:12 1 runed translucent door, 1 exclusion, Jorgrun; Koromur's ghost, journeyman DrDe


Innate Abilities, Weirdness & Mutations

You have very sharp teeth.
Your uncanny sense of smell can sniff out nearby items.
Your experience applies equally to all skills.


Message History

The alligator is no longer moving slowly.
Jorgrun barely misses you. The grasping roots constrict you!
You barely miss Jorgrun.
Jorgrun is severely wounded.
The alligator bites you but does no damage.
The alligator tail-slaps you but does no damage.
Casting: Ozocubu's Armour (safe; 1% risk of failure)
Confirm with . or Enter, or press ? or * to list all spells.
Casting: Frozen Ramparts (safe; 1% risk of failure)
Press: ? - help, Dir - look around, f - activate The walls around you are covered in ice.
The wall freezes the alligator!
The alligator seems to slow down.
The alligator closely misses you. x2; The wall freezes Jorgrun!
Jorgrun gestures at you while chanting.
You are slowing down.
The grasping roots constrict you.
The wall freezes the alligator!
The alligator bites you. The alligator tail-slaps you.
The wall freezes the basilisk!
Unknown command.
Unknown command.
Unknown command.
You hit Jorgrun but do no damage. You bite Jorgrun.
Jorgrun is severely wounded.
The wall freezes Jorgrun!
Jorgrun hits you but does no damage. The grasping roots constrict you.
* * * LOW HITPOINT WARNING * * *
The wall freezes the basilisk!
The basilisk seems to slow down.
The wall freezes the alligator.
The alligator bites you.
* * * LOW HITPOINT WARNING * * *
The alligator tail-slaps you but does no damage.
Your limbs are stiffening.
Unknown command.
Unknown command.
You completely miss Jorgrun.
Jorgrun is severely wounded.
The wall freezes Jorgrun!
Jorgrun casts a spell at you. The iron shot hits you!!!
Ouch! That really hurt!
You die...

##.############.# #^....<..#.##
##.############.#####.###.####.#
##.................(..# #......#
.###'###########+####.######'####
##.#..#.# #∆#..#.#....#.#÷.#.#
##.##.).######.##.. #...##.##...#
#.#†.#.#....#.#l[#.#.####†#).#.#
#...##.#.####$tg##l#.# #...##.#
#.#..#(#.# #@.#∆#.####.#..#(#
####'###.# ##'###....####'###
#.....# #.....##......# #######
###############


You could see Jorgrun (slow), an alligator (swift, slow) and a basilisk (slow).

Vanquished Creatures
  Frances (D:12)
  A hydra (D:12)
  3 two-headed ogres
  An alligator (D:12)
  A tengu warrior (D:11)
  Nergalle (D:11)
  2 lindwurms (D:12)
  A deep elf pyromancer (D:12)
  A gargoyle (D:11)
  Maggie (D:9)
  A kobold demonologist (D:11)
  2 unseen horrors (D:12)
  Psyche (D:9)
  A troll (D:12)
  A hornet (D:9)
  2 shadows (D:12)
  Sigmund (D:6)
  4 wraiths
  9 yaks (D:10)
  5 wyverns
  2 vampire mosquitoes (D:12)
  3 fire bats (D:12)
  A steam dragon (D:7)
  A basilisk (D:12)
  Menkaure (D:7)
  2 hell hounds (D:12)
  4 water moccasins
  Duvessa (D:5)
  5 orc warriors
  3 ice beasts (D:5)
  A sky beast (D:6)
  A necrophage (D:5)
  3 black bears
  4 ogres
  5 centaurs
  A wolf (D:12)
  A phantom (D:6)
  A wyvern zombie (D:7)
  3 bullfrogs
  14 scorpions
  2 water moccasin zombies
  A wyvern skeleton (D:7)
  Dowan (D:5)
  A water moccasin skeleton (D:6)
  9 killer bees (D:9)
  5 howler monkeys
  3 wights (D:8)
  A vampire bat (D:12)
  2 electric eels (D:10)
  7 centaur zombies
  A bullfrog zombie (D:6)
  4 hounds
  A jelly (D:5)
  11 orc priests
  2 bullfrog skeletons
  A gnoll shaman (D:10)
  4 iguanas
  2 scorpion zombies (Ossuary)
  13 orc wizards
  A hound skeleton (D:5)
  3 mummies (Ossuary)
  A howler monkey zombie (D:8)
  6 gnolls
  2 howler monkey skeletons (D:7)
  3 adders
  A white imp (D:5)
  An adder zombie (D:5)
  10 worms (D:12)
  3 dart slugs
  45 orcs
  10 bats
  8 endoplasms
  2 giant cockroaches
  A gnoll zombie (Ossuary)
  8 goblins
  7 hobgoblins
  12 jackals
  5 kobolds
  2 quokkas
  4 ball pythons
  10 frilled lizards
  3 goblin zombies (Ossuary)
  3 hobgoblin zombies (Ossuary)
  2 orc zombies (Ossuary)
  A rat (D:2)
  A spectral goblin (D:4)
323 creatures vanquished.

Vanquished Creatures (others)
  An orc wizard (D:6)
  A gnoll (D:10)
  2 fungi (D:2)
  7 plants
11 creatures vanquished.

Grand Total: 334 creatures vanquished

Notes
Turn   | Place    | Note
-------+----------+-------------------------------------------
     0 | D:1      | frimble the Gnoll Ice Elementalist began the quest for the
                  | Orb.
     0 | D:1      | Reached XP level 1. HP: 13/13 MP: 6/6
   155 | D:1      | Found a faded altar of an unknown god.
   573 | D:1      | Reached XP level 2. HP: 19/19 MP: 7/7
   788 | D:2      | Found a candlelit altar of Ignis.
  1543 | D:2      | Found a runed translucent door.
  1544 | D:2      | Noticed Crazy Yiuf
  1612 | D:2      | Reached skill level 5 in Spellcasting
  1612 | D:2      | Reached XP level 3. HP: 25/25 MP: 4/9
  1659 | D:3      | Reached skill level 1 in Invocations
  1662 | D:3      | Reached skill level 1 in Fighting
  1662 | D:3      | Reached skill level 1 in Short Blades
  1662 | D:3      | Reached skill level 1 in Long Blades
  1662 | D:3      | Reached skill level 1 in Axes
  1662 | D:3      | Reached skill level 1 in Maces & Flails
  1662 | D:3      | Reached skill level 1 in Polearms
  1662 | D:3      | Reached skill level 1 in Staves
  1662 | D:3      | Reached skill level 1 in Slings
  1662 | D:3      | Reached skill level 1 in Bows
  1662 | D:3      | Reached skill level 1 in Crossbows
  1662 | D:3      | Reached skill level 1 in Throwing
  1662 | D:3      | Reached skill level 1 in Armour
  1662 | D:3      | Reached skill level 1 in Shields
  1662 | D:3      | Reached skill level 1 in Unarmed Combat
  1662 | D:3      | Reached skill level 1 in Evocations
  1701 | D:3      | Reached XP level 4. HP: 24/32 MP: 7/11
  1922 | D:3      | Reached skill level 1 in Conjurations
  1922 | D:3      | Reached skill level 1 in Hexes
  1922 | D:3      | Reached skill level 1 in Summonings
  1922 | D:3      | Reached skill level 1 in Necromancy
  1922 | D:3      | Reached skill level 1 in Translocations
  1922 | D:3      | Reached skill level 1 in Transmutations
  1922 | D:3      | Reached skill level 1 in Fire Magic
  1922 | D:3      | Reached skill level 1 in Air Magic
  1922 | D:3      | Reached skill level 1 in Earth Magic
  1922 | D:3      | Reached skill level 1 in Poison Magic
  2274 | D:3      | Reached XP level 5. HP: 37/37 MP: 8/12
  2638 | D:3      | Found a burning altar of Makhleb.
  2984 | D:4      | Noticed a black bear
  3000 | D:4      | Killed a black bear
  3001 | D:4      | Reached XP level 6. HP: 43/44 MP: 7/14
  3009 | D:4      | Learned a level 3 spell: Frozen Ramparts
  3013 | D:4      | Learned a level 3 spell: Ozocubu's Armour
  3100 | D:4      | Reached skill level 5 in Dodging
  3282 | D:4      | Reached XP level 7. HP: 21/50 MP: 11/15
  3906 | D:4      | Found a basalt altar of Yredelemnul.
  3979 | D:4      | Found a hazy altar of Hepliaklqana.
  4289 | D:5      | Entered Level 5 of the Dungeon
  4382 | D:5      | Found a sand-covered staircase.
  4386 | Ossuary  | Entered an ossuary
  4715 | Ossuary  | Reached skill level 5 in Stealth
  4819 | Ossuary  | Reached XP level 8. HP: 34/57 MP: 14/16
  5736 | D:5      | Reached XP level 9. HP: 53/65 MP: 18/18
  5902 | D:5      | Identified the ring "Lewib" {Drain rCorr EV+4 Int+4 Dex+4}
  5943 | D:5      | Noticed Duvessa
  5943 | D:5      | Noticed Dowan
  5952 | D:5      | Killed Dowan
  5955 | D:5      | Killed Duvessa
  6046 | D:5      | Found a staircase to the Ecumenical Temple.
  6050 | D:5      | Noticed a two-headed ogre
  6065 | D:5      | Killed a two-headed ogre
  6246 | Temple   | Entered the Ecumenical Temple
  6655 | D:5      | Found Lina's General Store.
  6657 | D:5      | Found Ximydoc's Specific Store.
  6659 | D:5      | Reached skill level 5 in Invocations
  6718 | D:5      | Bought a scroll of blinking for 97 gold pieces
  6718 | D:5      | Bought a scroll of identify for 26 gold pieces
  6718 | D:5      | Bought a scroll of identify for 26 gold pieces
  6718 | D:5      | Bought a scroll of identify for 26 gold pieces
  6718 | D:5      | Bought a scroll of teleportation for 39 gold pieces
  6718 | D:5      | Bought a scroll of teleportation for 39 gold pieces
  6962 | D:5      | Reached XP level 10. HP: 63/73 MP: 20/20
  7479 | D:6      | Noticed Sigmund
  7501 | D:6      | Killed Sigmund
  7502 | D:6      | Reached skill level 5 in Fighting
  7502 | D:6      | Reached skill level 5 in Short Blades
  7502 | D:6      | Reached skill level 5 in Long Blades
  7502 | D:6      | Reached skill level 5 in Axes
  7502 | D:6      | Reached skill level 5 in Maces & Flails
  7502 | D:6      | Reached skill level 5 in Polearms
  7502 | D:6      | Reached skill level 5 in Staves
  7502 | D:6      | Reached skill level 5 in Slings
  7502 | D:6      | Reached skill level 5 in Bows
  7502 | D:6      | Reached skill level 5 in Crossbows
  7502 | D:6      | Reached skill level 5 in Throwing
  7502 | D:6      | Reached skill level 5 in Armour
  7502 | D:6      | Reached skill level 5 in Shields
  7502 | D:6      | Reached skill level 5 in Unarmed Combat
  7502 | D:6      | Reached skill level 5 in Evocations
  8711 | D:7      | Found a broken altar of Ashenzari.
  8914 | D:7      | Found a stormy altar of Qazlal.
  9570 | D:7      | Noticed Menkaure
  9584 | D:7      | Killed Menkaure
 10263 | D:8      | Noticed a two-headed ogre
 10279 | D:8      | Killed a two-headed ogre
 10280 | D:8      | Reached XP level 11. HP: 23/81 MP: 17/22
 10577 | D:8      | Found a shimmering blue altar of Sif Muna.
 10753 | D:8      | Found a snail-covered altar of Cheibriados.
 10771 | D:8      | Became a worshipper of Cheibriados the Contemplative
 10987 | D:8      | Found a hide-covered altar of Uskayaw.
 11285 | D:9      | Found a staircase to the Orcish Mines.
 11414 | D:9      | Found Neurolop's Armour Shop.
 11439 | D:9      | Found a transporter.
 11443 | D:9      | Noticed a deep elf pyromancer
 11447 | D:9      | Noticed Maggie
 11448 | D:9      | Noticed a two-headed ogre
 11448 | D:9      | Noticed Demosthentine's ghost (journeyman MfGl)
 11456 | D:9      | Killed Maggie
 11457 | D:9      | Reached skill level 5 in Conjurations
 11457 | D:9      | Reached skill level 5 in Hexes
 11457 | D:9      | Reached skill level 5 in Summonings
 11457 | D:9      | Reached skill level 5 in Necromancy
 11457 | D:9      | Reached skill level 5 in Translocations
 11457 | D:9      | Reached skill level 5 in Transmutations
 11457 | D:9      | Reached skill level 5 in Fire Magic
 11457 | D:9      | Reached skill level 5 in Air Magic
 11457 | D:9      | Reached skill level 5 in Earth Magic
 11457 | D:9      | Reached skill level 5 in Poison Magic
 11485 | D:9      | Noticed a four-headed hydra
 11492 | D:9      | Found a transporter.
 11532 | D:9      | Found a staircase to the Lair.
 11564 | D:9      | Reached * piety under Cheibriados
 11704 | D:9      | Noticed Psyche
 11711 | D:9      | Killed Psyche
 11936 | D:10     | Entered Level 10 of the Dungeon
 12463 | D:11     | Noticed a two-headed ogre
 12475 | D:11     | Killed a two-headed ogre
 12475 | D:11     | Reached ** piety under Cheibriados
 12924 | D:11     | Found a shimmering altar of Xom.
 12928 | D:11     | Noticed a tengu warrior
 12938 | D:11     | Killed a tengu warrior
 13166 | D:11     | Noticed Nergalle
 13184 | D:11     | Noticed a spectral orc warlord
 13189 | D:11     | Killed Nergalle
 13190 | D:11     | Reached XP level 12. HP: 82/89 MP: 21/24
 13588 | D:12     | Noticed Frances
 13599 | D:12     | Killed Frances
 13727 | D:12     | Found a runed translucent door.
 13727 | D:12     | Found a shimmering altar of Xom.
 13727 | D:12     | Noticed Koromur's ghost (journeyman DrDe)
 13753 | D:12     | Noticed a five-headed hydra
 13764 | D:12     | Killed a five-headed hydra
 14062 | D:12     | Reached *** piety under Cheibriados
 14573 | D:12     | Noticed Jorgrun
 14838 | D:12     | Reached **** piety under Cheibriados
 15066 | D:12     | Noticed an alligator
 15070 | D:12     | Noticed an alligator
 15075 | D:12     | Killed an alligator
 15087 | D:12     | Killed from afar by Jorgrun

Illustrated notes

Levels and vault maps discovered:
D:1:      matt_arrival_grand_opening, layout_rooms,
          chequers_ecumenical_altar_twisty, serial_bayou_lagoon_a
D:2:      layout_loops_ring, basic_altar, minmay_three_crescents,
          uniq_crazy_yiuf_cottage
D:3:      layout_loops_cross, mainiacjoe_overflow_small_starburst,
          kennysheep_generic_room_13
D:4:      layout_basic, lemuel_doored_altar,
          nicolae_hepliaklqana_monster_ancestors
D:5:      minmay_inner_zag, layout_basic, minmay_temple_entry_arrows,
          enter_ossuary_5, serial_glass, glass_columns_a, glass_columns_a,
          nicolae_specific_store, minmay_misc_feat_square, uniq_duvessa
D:6:      layout_basic, uniq_sigmund
D:7:      layout_basic, ashenzari_conservatory_becter, grunt_qazlal_sundering,
          chequers_serial_rivers_large_a, st_stairs_7, uniq_menkaure
D:8:      layout_rooms, mainiacjoe_overflow_surrounded_room,
          kennysheep_slug_shrine, mainiacjoe_overflow_concentric_impassable,
          chequers_serial_rivers_micro_e
D:9:      layout_rooms, dpeg_oklobed_lair, david_orc_2, nzn_ghost_randoct,
          serial_shops, nicolae_shop_temple_entry_statues_fountains,
          uniq_psyche, uniq_maggie
D:10:     layout_cave_pools, chequers_serial_rivers_room_a,
          serial_bayou_lagoon_b
D:11:     layout_stronghold, xom_teletrap_fun, uniq_nergalle
D:12:     layout_loops_ring, ebering_ghost_xom, hangedman_parallel_progression,
          uniq_jorgrun, uniq_frances
Temple:   jpeg_temple_clearing

Skill      XL: |  1  2  3  4  5  6  7  8  9 10 11 12 |
---------------+-------------------------------------+-----
Spellcasting   | 5 6 7 8 9 |  9.2
Invocations    | 1 2 3 4 5 6 7 8 |  8.3
Fighting       | 1 2 3 4 5 6 7 |  7.6
Short Blades   | 1 2 3 4 5 6 7 |  7.6
Long Blades    | 1 2 3 4 5 6 7 |  7.6
Axes           | 1 2 3 4 5 6 7 |  7.6
Maces & Flails | 1 2 3 4 5 6 7 |  7.6
Polearms       | 1 2 3 4 5 6 7 |  7.6
Staves         | 1 2 3 4 5 6 7 |  7.6
Slings         | 1 2 3 4 5 6 7 |  7.6
Bows           | 1 2 3 4 5 6 7 |  7.6
Crossbows      | 1 2 3 4 5 6 7 |  7.6
Throwing       | 1 2 3 4 5 6 7 |  7.6
Armour         | 1 2 3 4 5 6 7 |  7.6
Shields        | 1 2 3 4 5 6 7 |  7.6
Unarmed Combat | 1 2 3 4 5 6 7 |  7.6
Evocations     | 1 2 3 4 5 6 7 |  7.6
Conjurations   | 1 2 3 4 5 6 |  6.3
Hexes          | 1 2 3 4 5 6 |  6.3
Summonings     | 1 2 3 4 5 6 |  6.3
Necromancy     | 1 2 3 4 5 6 |  6.3
Translocations | 1 2 3 4 5 6 |  6.3
Transmutations | 1 2 3 4 5 6 |  6.3
Fire Magic     | 1 2 3 4 5 6 |  6.3
Air Magic      | 1 2 3 4 5 6 |  6.3
Earth Magic    | 1 2 3 4 5 6 |  6.3
Poison Magic   | 1 2 3 4 5 6 |  6.3
Dodging        | 5 6 7 8 9 |  9.0
Stealth        | 5 6 7 8 |  8.7
Ice Magic      | 8 9 |  9.6

Action                   |  1- 3 |  4- 6 |  7- 9 | 10-12 || total
-------------------------+-------+-------+-------+-------++-------
Melee: Unarmed           |    17 |       |       |       ||    17
       Bite              |     2 |     4 |    25 |    95 ||   126
       Rapier            |    21 |    85 |   310 |   715 ||  1131
       Punch             |       |       |     1 |     8 ||     9
 Cast: Freeze            |    26 |    18 |     7 |     6 ||    57
       Frozen Ramparts   |       |     1 |    10 |    38 ||    49
       Ozocubu's Armour  |       |     1 |     5 |    17 ||    23
Invok: Bend Time         |       |       |       |     1 ||     1
       Slouch            |       |       |       |     1 ||     1
Evoke: Wand              |       |       |       |     2 ||     2
  Use: Scroll            |     2 |     3 |     8 |     8 ||    21
       Potion            |       |     1 |     1 |     3 ||     5
 Stab: Sleeping          |     2 |     2 |     9 |    20 ||    33
Armor: Robe              |    17 |    46 |   207 |   179 ||   449
       Steam dragon scal |       |       |       |    79 ||    79
Dodge: Dodged            |    44 |    64 |   296 |   690 ||  1094
Block: Buckler           |       |       |       |   216 ||   216

Table legend: (Time is in decaauts)
 A = Elapsed time spent in this place.
 B = Non-inter-level travel time spent in this place.
 C = Inter-level travel time spent in this place.
 D = Time resting spent in this place.
 E = Time spent auto-exploring this place.
 F = Levels seen in this place.
 G = Mean time per level.
                   A        B        C        D        E       F      G
               +--------+--------+--------+--------+--------+-----+--------+
         Total |  16135 |  15611 |    524 |    329 |  12263 |  14 | 1152.5 |
       Dungeon |  14972 |  14461 |    511 |     68 |  11662 |  12 | 1247.7 |
        Temple |    108 |     95 |     13 |      0 |     83 |   1 |  108.0 |
       Ossuary |   1054 |   1054 |      0 |    261 |    518 |   1 | 1054.0 |
               +--------+--------+--------+--------+--------+-----+--------+

Top non-repeatable levels by time:
    D:12: 1918 daAuts
     D:5: 1778 daAuts
     D:7: 1716 daAuts
    D:11: 1503 daAuts
     D:6: 1413 daAuts
     D:4: 1320 daAuts
     D:2: 1164 daAuts
 Ossuary: 1054 daAuts
     D:3: 1035 daAuts
     D:8: 973 daAuts
     D:9: 822 daAuts
     D:1: 792 daAuts
    D:10: 534 daAuts
  Temple: 108 daAuts
